 Dungeon Crawl Stone Soup version 0.23.0 (webtiles) character file.

Game seed: 10781685330030249128

157976 DrEnzyme the Unseen (level 17, -2/115 HPs)
             Began as a Vampire Conjurer on Feb 12, 2019.
             Was the Champion of Kikubaaqudgha.
             Killed from afar by a nagaraja (22 damage)
             ... with an orb of energy
             ... on level 4 of the Snake Pit.
             The game lasted 04:34:56 (64256 turns).

DrEnzyme the Unseen (Vampire Conjurer)             Turns: 64256, Time: 04:34:57

Health: -2/115     AC: 19    Str: 15    XL:     17   Next: 13%
Magic:  32/33      EV: 15    Int: 34    God:    Kikubaaqudgha [******]
Gold:   999        SH: 15    Dex: 24    Spells: 12/41 levels left

rFire    + + .     SeeInvis +   Y - +10 dagger "Jesmaagu" {pierce, *Contam Str+5 Int+4}
rCold    + . .     Gourm    .   N - +2 shield
rNeg     . . .     Faith    .   w - +2 swamp dragon scales
rPois    +         Spirit   .   s - +2 helmet "Xudwofie" {+Fly}
rElec    .         Reflect  .   z - scarf {rC+ rF+}
rCorr    .         Harm     .   b - +2 pair of gloves of the Moon Troll {Stlth+}
MR       ++...                  E - +2 pair of boots
Stlth    +++++++++.             C - amulet of the Moon {RegenMP rF+ Dex+7 Stlth+}
HPRegen  0.49/turn              R - +6 ring of intelligence
MPRegen  0.48/turn              d - ring of Zeisucuo {MR+ Int+5 Stlth+}

@: lethally poisoned (-2 -> -2), confusing touch, regenerating quickly,
constricted, studying Axes
A: rotting body, fangs 3, talons 1, see invisible, mutation resistance 1,
unbreathing
a: Receive Corpses, Torment, Renounce Religion, Evoke Flight


You were on level 4 of the Snake Pit.
You worshipped Kikubaaqudgha.
Kikubaaqudgha was exalted by your worship.
You were very full.

You visited 4 branches of the dungeon, and saw 25 of its levels.
You also visited: Sewer, Ossuary and Gauntlet.

You collected 3248 gold pieces.
You spent 2249 gold pieces at shops.

Inventory:

Hand Weapons
 r - a +5 short sword
 Y - the +10 dagger "Jesmaagu" (weapon) {pierce, *Contam Str+5 Int+4}
   (You found it in a Gauntlet)

   It inflicts extra damage upon your enemies.
   It affects your strength (+5).
   It affects your intelligence (+4).
   It causes magical contamination when unequipped.
Missiles
 J - 3 throwing nets
 Q - 7 javelins of returning (quivered)
Armour
 b - the +2 pair of gloves of the Moon Troll (worn) {Stlth+}
   (You found it in a Gauntlet)

   It makes you more stealthy.
 s - the +2 helmet "Xudwofie" (worn) {+Fly}
   (You found it in a Gauntlet)

   It lets you fly.
 w - +2 swamp dragon scales (worn)
 z - a scarf of resistance (worn)
 E - a +2 pair of boots (worn)
 N - a +2 shield (worn)
 T - a +2 helmet
Magical Staves
 P - an uncursed staff of power
Jewellery
 d - the ring of Zeisucuo (right hand) {MR+ Int+5 Stlth+}
   (You found it on level 1 of the Snake Pit)

   [ring of intelligence]

   It affects your intelligence (+5).
   It affects your resistance to hostile enchantments.
   It makes you more stealthy.
 u - the ring of Joy {+Fly MP+9 Slay+3}
   (You bought it in a shop on level 2 of the Orcish Mines)

   [ring of flight]

   It affects your accuracy and damage with ranged weapons and melee attacks
   (+3).
   It affects your magic capacity (+9).
   It lets you fly.
 C - the amulet of the Moon (around neck) {RegenMP rF+ Dex+7 Stlth+}
   (You bought it in a shop on level 2 of the Orcish Mines)

   [amulet of magic regeneration]

   It increases your magic regeneration.
   It affects your dexterity (+7).
   It protects you from fire.
   It makes you more stealthy.
 D - an uncursed ring of protection from cold
 M - an uncursed ring of wizardry
 R - a +6 ring of intelligence (left hand)
 W - an uncursed ring of resist corrosion
Wands
 a - a wand of disintegration (22)
 c - a wand of polymorph (16)
 m - a wand of flame (60)
 y - a wand of iceblast (4)
 I - a wand of digging (1)
 X - a wand of acid (9)
Scrolls
 h - 2 scrolls of fear
 i - 6 scrolls of identify
 o - 14 scrolls of remove curse
 p - 4 scrolls of fog
 x - a scroll of magic mapping
 A - a scroll of torment
 B - 2 scrolls of enchant weapon
 G - 4 scrolls of amnesia
 H - 2 scrolls of blinking
 S - 2 scrolls of teleportation
Potions
 e - 6 potions of lignification
 f - 12 potions of blood
 g - 2 potions of berserk rage
 j - 2 potions of heal wounds
 k - 2 potions of cancellation
 l - 2 potions of magic
 n - a potion of flight
 q - a potion of haste
 t - 7 potions of curing
 v - a potion of might
 K - a potion of invisibility
 L - 4 potions of agility
Books
 F - a manual of Axes
Miscellaneous
 O - a sack of spiders


   Skills:
 + Level 5.2 Fighting
 * Level 10.0 Short Blades
 + Level 4.2 Armour
 + Level 8.7 Dodging
 + Level 19.0 Stealth
 * Level 11.9 Shields
 + Level 12.6 Spellcasting
 + Level 7.1 Conjurations
 + Level 16.8 Hexes
 * Level 7.4 Necromancy
 + Level 1.3 Translocations
 + Level 2.0 Transmutations
 + Level 2.7 Evocations


You had 12 spell levels left.
You knew the following spells:

 Your Spells              Type           Power        Failure   Level  Hunger
a - Magic Dart            Conj           ####         1%          1    None
b - Searing Ray           Conj           ######       1%          2    None
c - Dazzling Spray        Conj/Hex       ######       1%          3    None
d - Pain                  Necr           ####         1%          1    None
e - Sticks to Snakes      Tmut           #####...     3%          2    None
f - Fulminant Prism       Conj/Hex       #######...   1%          4    None
g - Apportation           Tloc           ####..       3%          1    None
h - Invisibility          Hex            #######.     1%          6    ####...
i - Regeneration          Chrm/Necr      #####.....   3%          3    None
j - Confusing Touch       Hex            ######       0%          1    None
k - Yara's Violent Unrav  Hex/Tmut       ######....   3%          5    None

Your spell library contained the following spells:

 Spells                   Type           Power        Failure   Level  Hunger
 Confuse                  Hex            #######.     0%          3    None
 Tukima's Dance           Hex            #######.     0%          3    None
 Shock                    Conj/Air       ####         1%          1    None
 Corpse Rot               Necr           N/A          1%          2    None
 Sublimation of Blood     Necr           ######....   1%          2    None
 Portal Projectile        Hex/Tloc       ######       1%          3    None
 Beastly Appendage        Tmut           #####.       2%          1    None
 Iskenderun's Mystic Bla  Conj           ######..     3%          4    None
 Static Discharge         Conj/Air       #####...     4%          3    None
 Stone Arrow              Conj/Erth      #####.       4%          3    None
 Metabolic Englaciation   Hex/Ice        ######....   4%          5    None
 Passwall                 Tmut/Erth      ####....     5%          2    None
 Sandblast                Erth           ###...       6%          1    None
 Summon Butterflies       Summ           ###.....     6%          1    None
 Agony                    Necr           ######..     8%          5    None
 Dispel Undead            Necr           ######..     8%          5    None
 Swiftness                Chrm/Air       ###.....     9%          2    None
 Gell's Gravitas          Tloc           ####......   10%         3    None
 Lesser Beckoning         Tloc           ####......   10%         3    None
 Force Lance              Conj/Tloc      ######..     10%         4    None
 Spider Form              Tmut/Pois      ####......   11%         3    None
 Irradiate                Conj/Tmut      ######....   24%         5    None
 Borgnjor's Vile Clutch   Necr/Erth      #####.....   34%         5    None
 Excruciating Wounds      Chrm/Necr      #####.....   34%         5    None
 Ice Form                 Ice/Tmut       ####....     36%         4    None
 Petrify                  Tmut/Erth      ####....     36%         4    None
 Lightning Bolt           Conj/Air       #####.....   36%         5    None
 Airstrike                Air            ###.......   50%         4    None
 Blade Hands              Tmut           #####.....   56%         5    None
 Alistair's Intoxication  Tmut/Pois      ####....     71%         5    None
 Summon Forest            Summ/Tloc      ####......   75%         5    None
 Lee's Rapid Deconstruct  Erth           ###.......   85%         5    None
 Simulacrum               Ice/Necr       #####.....   88%         6    ####...
 Hydra Form               Tmut           #####.....   98%         6    ####...
 Dispersal                Tloc           ####......   99%         6    ####...
 Statue Form              Tmut/Erth      ####.....    99%         6    ####...
 Dragon Form              Tmut           #####.....   100%        7    #####..
 Haunt                    Necr/Summ      #####.....   100%        7    #####..
 Disjunction              Tloc           ####......   100%        8    #######
 Infestation              Necr           ######....   100%        8    #######
 Borgnjor's Revivificati  Necr           Unusable     N/A         8    N/A
 Death's Door             Chrm/Necr      Unusable     N/A         8    N/A
 Necromutation            Tmut/Necr      Unusable     N/A         8    N/A

Dungeon Overview and Level Annotations

Branches:
Dungeon (13/15)            Temple (0/1) D:7            Lair (6/6) D:10
 Shoals (0/4) Lair:2        Snake (4/4) Lair:2        Slime (0/5) Lair:5
    Orc (2/2) D:10            Elf (0/3) Orc:2
 Vaults: D:13-14

Altars:
Ashenzari
Cheibriados
Gozag
Kikubaaqudgha
Makhleb
Nemelex Xobeh
Ru
Sif Muna
Vehumet
Xom
Yredelemnul
Zin
The Shining One
Beogh
Jiyva

Shops:
D:6 *   D:9 *   Orc:2 =!(*

Annotations:
D:3 exclusion: 2 downstairs
D:4 exclusion: 2 downstairs, Edmund
D:5 Menkaure
D:6 exclusion: upstairs
D:8 exclusion: downstairs
D:10 exclusion: downstairs
D:11 exclusion: unseen horror
D:12 exclusions: ugly thing and 2 more exclusions
Lair:1 1 runed translucent door, Zusoliwk's ghost, journeyman CeHu
Lair:2 exclusion: downstairs
Lair:3 exclusion: 2 downstairs
Lair:5 exclusions: killer bee and 4 more exclusions
Snake:2 exclusion: 3 downstairs
Snake:3 3 runed translucent doors, exclusions: 2 downstairs and obsidian statue, Smee's ghost, adept MiFi


Innate Abilities, Weirdness & Mutations

Your body is rotting away.
You thrive on raw meat.
Your natural rate of healing is unusually fast.
You have razor-sharp teeth.
You have supernaturally acute eyesight. (SInv)
You can survive without breathing.
You have sharp toenails.
You are somewhat resistant to further mutation.


Message History

The nagaraja completely misses you. The nagaraja constricts you.
You hit the nagaraja. You bite the nagaraja.
The nagaraja is moderately wounded.
You block the nagaraja's attack. The nagaraja constricts you.
You completely miss the nagaraja.
The nagaraja is moderately wounded.
You feel sick. You block the nagaraja's attack.
* * * LOW HITPOINT WARNING * * *
The nagaraja constricts you.
Casting: Confusing Touch (safe; 0% risk of failure)
Confirm with . or Enter, or press ? or * to list all spells.
Your hands begin to glow red.
The nagaraja hits you!
* * * LOW HITPOINT WARNING * * *
x2 The nagaraja constricts you.
You hit the nagaraja but do no damage.
The nagaraja is moderately wounded.
The nagaraja casts a spell at you. The orb of energy hits you!!
You die...
Kikubaaqudgha rasps: "You have failed me!
Welcome... oblivion!"

...#....#....##..................
.).#....#....##..................
...#....#....##.........[........
...'....#....##..................
..)#....#######..................
..)############..................
.)................###.....###....
................N##.#######.#####
.....)....######@#...........####
..........#...<#.######......'...
..........#...(#.# #......#[..
((..(.....#.)([#†# #......#...
..#######(####)#.# #......#...
..#.....((....(..# #......#)[.
..#....(#....)...# #......##'#
..#....(#..^..)..# #..........
..#.....#........######..........


You could see a nagaraja.

Vanquished Creatures
  Vashnia (Snake:4)
  7 nagarajas
  Nessos (Lair:4)
  A minotaur (Gauntlet)
  Josephine (Lair:4)
  A fire dragon (Lair:6)
  4 hydras
  22 naga warriors
  8 anacondas
  2 catoblepae (Lair:6)
  2 ogre magi (Orc:2)
  11 two-headed ogres
  3 death yaks (Lair:6)
  An orc high priest (Orc:1)
  9 shock serpents
  13 naga sharpshooters
  4 salamander mystics
  2 deep trolls (Orc:2)
  2 unseen horrors
  A swamp dragon (Lair:6)
  12 naga ritualists
  15 mana vipers
  Pikel (D:5)
  An orc knight (Orc:2)
  5 lindwurms (Lair:6)
  3 manticores
  An orc sorcerer (Orc:2)
  2 ugly things (D:11)
  3 cyclopes
  9 salamanders
  2 elephants (Lair:6)
  13 naga magi
  33 black mambas
  6 guardian serpents
  13 spiny frogs
  A torpor snail (Lair:6)
  5 rime drakes
  11 komodo dragons
  A merfolk (D:10)
  A polar bear (Lair:4)
  15 trolls
  18 blink frogs
  A hornet (D:10)
  2 dream sheep (Lair:6)
  8 hippogriffs
  14 flying skulls
  Sigmund (D:5)
  6 spriggans (Lair:1)
  6 wyverns
  A shadow (D:13)
  A vampire (D:10)
  5 wraiths
  35 yaks
  5 basilisks
  A steam dragon (Lair:6)
  4 hungry ghosts
  3 acid dragons
  2 wargs
  48 nagas
  18 water moccasins
  3 ice beasts
  4 swamp drakes (Lair:6)
  9 porcupines
  A black bear (D:7)
  3 slaves (D:5)
  A hornet zombie (D:11)
  An eye of draining (D:11)
  7 sky beasts
  A necrophage (D:9)
  22 orc warriors
  A centaur (D:10)
  11 wolves
  31 ogres
  A phantom (D:10)
  15 crocodiles
  2 big kobolds (D:10)
  17 bullfrogs
  A water moccasin skeleton (D:9)
  A scorpion (D:7)
  8 killer bees
  5 wights (D:6)
  A howler monkey (D:5)
  5 crimson imps
  2 bullfrog zombies
  2 centaur zombies
  A quasit (D:9)
  6 centaur skeletons
  4 bullfrog skeletons
  3 hounds
  13 orc priests
  2 jellies
  18 orc wizards
  4 iguanas
  Ijyb (D:3)
  9 worker ants
  A killer bee zombie (D:9)
  5 big kobold zombies (Ossuary)
  A hound zombie (D:5)
  2 mummies (Ossuary)
  2 worker ant zombies
  9 gnolls
  26 adders
  3 shadow imps
  13 oozes
  2 adder zombies
  2 worms
  3 dart slugs (D:1)
  17 leopard geckos
  79 orcs
  10 giant cockroaches
  12 goblins
  12 hobgoblins
  3 jackals
  18 kobolds
  4 quokkas
  10 ball pythons
  A ball python zombie (D:5)
  4 bats
  18 frilled lizards
  3 gnoll zombies (Ossuary)
  A goblin zombie (Ossuary)
  3 hobgoblin zombies (Ossuary)
  An orc zombie (Ossuary)
  A quokka skeleton (D:7)
  6 rats
  A fungus (Lair:5)
  2 plants (Lair:5)
919 creatures vanquished.

Vanquished Creatures (collateral kills)
  A glowing orange brain (Gauntlet)
1 creature vanquished.

Vanquished Creatures (others)
  A guardian serpent (Snake:4)
  A naga (Snake:4)
  An orc wizard (Orc:2)
  3 orcs (Orc:2)
  14 demonic plants (Gauntlet)
  249 fulminant prisms
  32 fungi
  34 plants
335 creatures vanquished.

Grand Total: 1255 creatures vanquished

Notes
Turn   | Place    | Note
-------+----------+-------------------------------------------
     0 | D:1      | DrEnzyme the Vampire Conjurer began the quest for the Orb.
     0 | D:1      | Reached XP level 1. HP: 13/13 MP: 3/3
   299 | D:1      | Reached XP level 2. HP: 19/19 MP: 3/5
   919 | D:1      | Reached XP level 3. HP: 24/24 MP: 0/6
  2979 | D:2      | Reached XP level 4. HP: 30/30 MP: 2/8
  3069 | D:2      | Found an ancient bone altar of Kikubaaqudgha.
  3237 | D:2      | You fall through a shaft for 2 floors!
  3241 | D:4      | Learned a level 2 spell: Searing Ray
  3382 | D:4      | Found a glowing silver altar of Zin.
  3454 | D:4      | Noticed Edmund
  3717 | D:2      | Became a worshipper of Kikubaaqudgha
  4298 | D:3      | Noticed Ijyb
  5487 | D:4      | Reached XP level 5. HP: 25/36 MP: 1/10
  6250 | D:5      | Entered Level 5 of the Dungeon
  6265 | D:5      | Noticed a sky beast
  6297 | D:5      | Found a glowing golden altar of the Shining One.
  6402 | D:5      | Found a glowing drain.
  6407 | D:5      | Reached skill level 1 in Shields
  6570 | Sewer    | Entered a sewer
  6626 | Sewer    | Learned a level 3 spell: Dazzling Spray
  6945 | Sewer    | Reached * piety under Kikubaaqudgha
  6945 | Sewer    | Identified Kikubaaqudgha's Papyrus of Necromancy
                  | (Kikubaaqudgha gifted it to you in a sewer)
  6945 | Sewer    | Received a gift from Kikubaaqudgha
  7038 | Sewer    | Learned a level 1 spell: Pain
  7256 | Sewer    | Reached XP level 6. HP: 35/42 MP: 2/11
  8072 | Sewer    | Reached skill level 4 in Stealth
  8180 | Sewer    | Learned a level 2 spell: Sticks to Snakes
  8185 | Sewer    | Learned a level 4 spell: Fulminant Prism
  8322 | D:5      | Noticed Menkaure
  8329 | D:5      | Noticed a sky beast
  8361 | D:5      | Noticed Sigmund
  8728 | D:5      | Reached skill level 1 in Short Blades
  8797 | D:5      | Reached XP level 7. HP: 44/47 MP: 8/13
  8998 | D:5      | Reached skill level 1 in Fighting
  9551 | D:5      | Reached ** piety under Kikubaaqudgha
  9983 | D:5      | Found a snail-covered altar of Cheibriados.
 10259 | D:6      | Found Ullettic's Assorted Antiques.
 10558 | D:6      | Found a sacrificial altar of Ru.
 10918 | D:6      | Bought an iron wand for 76 gold pieces
 10918 | D:6      | Bought a jewelled fluorescent wand for 76 gold pieces
 10934 | D:6      | Reached XP level 8. HP: 52/56 MP: 10/15
 11011 | D:6      | Reached skill level 5 in Spellcasting
 11123 | D:6      | Reached skill level 5 in Stealth
 11273 | D:6      | Reached skill level 5 in Conjurations
 12216 | D:6      | Reached skill level 1 in Evocations
 12814 | D:5      | Noticed Pikel
 13099 | D:5      | Found a shimmering altar of Xom.
 13395 | D:5      | Killed Pikel
 13395 | D:5      | Reached skill level 6 in Stealth
 13395 | D:5      | Reached XP level 9. HP: 47/62 MP: 4/17
 13871 | D:5      | Killed Sigmund
 14643 | D:6      | HP: 1/62 [ogre/+0 giant spiked club (33)]
 15255 | D:6      | Reached skill level 7 in Stealth
 15943 | D:3      | Reached skill level 5 in Dodging
 16116 | D:3      | Killed Ijyb
 17117 | D:7      | Found a deep blue altar of Sif Muna.
 17254 | D:7      | Identified Sif Muna's Papyrus of Theory
 17470 | D:7      | Found a staircase to the Ecumenical Temple.
 17569 | D:7      | Reached skill level 5 in Hexes
 17692 | D:7      | Reached skill level 1 in Transmutations
 17894 | D:8      | Found a sparkling altar of Nemelex Xobeh.
 18177 | D:8      | Found a basalt altar of Yredelemnul.
 18220 | D:8      | Found a sand-covered staircase.
 18234 | Ossuary  | Entered an ossuary
 18667 | Ossuary  | Reached *** piety under Kikubaaqudgha
 18667 | Ossuary  | Identified Kikubaaqudgha's Almanac of Unholy Magic
                  | (Kikubaaqudgha gifted it to you in an ossuary)
 18667 | Ossuary  | Received a gift from Kikubaaqudgha
 19166 | D:8      | Found a burning altar of Makhleb.
 19174 | D:8      | Found a radiant altar of Vehumet.
 19385 | D:9      | Found Hamn's Assorted Antiques.
 19491 | D:9      | Bought a bronze wand for 100 gold pieces
 19491 | D:9      | Bought 2 scrolls of identify for 100 gold pieces
 19499 | D:9      | Learned a level 1 spell: Apportation
 20007 | D:9      | Reached XP level 10. HP: 70/70 MP: 17/21
 20060 | D:9      | Found a shattered altar of Ashenzari.
 20734 | D:10     | Entered Level 10 of the Dungeon
 21421 | D:10     | Reached skill level 5 in Shields
 21900 | D:10     | Noticed an unseen horror
 21930 | D:10     | Killed an unseen horror
 23091 | D:11     | Noticed an unseen horror
 23126 | D:11     | Reached **** piety under Kikubaaqudgha
 23215 | D:11     | Noticed a gargoyle
 23336 | D:11     | Noticed a white ugly thing
 23409 | D:10     | Reached skill level 1 in Translocations
 24402 | D:10     | Found a staircase to the Orcish Mines.
 24460 | D:10     | Reached XP level 11. HP: 71/75 MP: 16/23
 25055 | D:10     | Found a staircase to the Lair.
 25081 | Lair:1   | Entered Level 1 of the Lair of Beasts
 25860 | Lair:1   | Reached skill level 10 in Hexes
 25964 | Lair:1   | Found a runed translucent door.
 25966 | Lair:1   | Noticed Zusoliwk's ghost (journeyman CeHu)
 29278 | Lair:2   | You fall through a shaft!
 29894 | Lair:2   | Learned a level 6 spell: Invisibility
 29906 | Lair:2   | Found a staircase to the Snake Pit.
 29915 | Lair:2   | Noticed a five-headed hydra
 29938 | Lair:2   | Killed a five-headed hydra
 29938 | Lair:2   | Reached skill level 8 in Stealth
 29938 | Lair:2   | Reached skill level 10 in Spellcasting
 30457 | Lair:2   | Found a staircase to the Shoals.
 30548 | Lair:2   | Reached XP level 12. HP: 81/81 MP: 21/26
 33229 | Lair:3   | You fall through a shaft!
 33230 | Lair:4   | Noticed Nessos
 33780 | Lair:4   | Found a gate leading to a gauntlet.
 33780 | Lair:4   | Noticed Josephine
 33788 | Gauntlet | Entered a Gauntlet
 33788 | Gauntlet | Found a transporter.
 33788 | Gauntlet | Found a transporter.
 33788 | Gauntlet | Found a transporter.
 33797 | Gauntlet | Found a transporter.
 33806 | Gauntlet | Noticed a catoblepas
 33807 | Gauntlet | Found a transporter.
 33822 | Gauntlet | Found a transporter.
 33836 | Gauntlet | Found a transporter.
 33847 | Gauntlet | Found a transporter.
 33850 | Gauntlet | Found a transporter.
 33900 | Gauntlet | Found a transporter.
 33900 | Gauntlet | Found a transporter.
 33901 | Gauntlet | Found a transporter.
 33979 | Gauntlet | Got a pair of dazzling gloves
 34012 | Gauntlet | Identified a scroll of acquirement
 34023 | Gauntlet | Reached skill level 9 in Stealth
 34286 | Gauntlet | Got a fine helmet
 34301 | Gauntlet | Identified the +2 pair of gloves of the Moon Troll {Stlth+}
                  | (You found it in a Gauntlet)
 34306 | Gauntlet | Identified the +2 helmet "Xudwofie" {+Fly} (You found it in
                  | a Gauntlet)
 34319 | Gauntlet | Identified the +11 broad axe of Beogh's Envy {flame, -Tele
                  | rF+ Int+3 Stlth+}
 34319 | Gauntlet | Identified the cursed +1 ring mail of Tomorrow {rC+ rN+
                  | rCorr}
 34319 | Gauntlet | Noticed a minotaur
 34524 | Gauntlet | Killed a minotaur
 34817 | Gauntlet | Got a warped golden ring
 34819 | Gauntlet | Identified the ring "Lyxt" {*Tele *Drain Str+3 Dex+7} (You
                  | found it in a Gauntlet)
 34828 | Gauntlet | Identified Sif Muna's Compendium of Orientation
 34830 | Gauntlet | Got a jewelled dagger
 35804 | Lair:2   | Identified the +10 dagger "Jesmaagu" {pierce, *Contam Str+5
                  | Int+4} (You found it in a Gauntlet)
 36485 | D:11     | Learned a level 3 spell: Regeneration
 36657 | D:11     | Reached skill level 10 in Stealth
 36938 | D:11     | Found a roughly hewn altar of Beogh.
 36965 | D:11     | Reached ***** piety under Kikubaaqudgha
 37909 | D:11     | Learned a level 1 spell: Confusing Touch
 38449 | D:12     | Reached XP level 13. HP: 88/88 MP: 22/27
 38810 | D:12     | Reached skill level 11 in Stealth
 39261 | Orc:1    | Entered Level 1 of the Orcish Mines
 39757 | Orc:2    | Entered Level 2 of the Orcish Mines
 39980 | Orc:2    | Found a staircase to the Elven Halls.
 40914 | Orc:2    | Found Keugywk's General Store.
 40925 | Orc:2    | Reached skill level 1 in Armour
 40964 | Orc:2    | Reached skill level 12 in Stealth
 40993 | Orc:1    | Gained mutation: Armour fits poorly on your strangely
                  | shaped body. [mutagenic glow]
 41894 | Orc:1    | You fall through a shaft!
 42761 | Orc:2    | Reached skill level 5 in Short Blades
 43060 | Orc:2    | Reached skill level 13 in Stealth
 43219 | Orc:1    | Reached ****** piety under Kikubaaqudgha
 43449 | Orc:2    | Found Huokujug's Distillery.
 43450 | Orc:2    | Found Ziexzis's Jewellery Emporium.
 43460 | Orc:2    | Found Lule's Antique Weapon Shop.
 43463 | Orc:2    | Bought the amulet of the Moon {RegenMP rF+ Dex+7 Stlth+}
                  | for 799 gold pieces
 43484 | Orc:2    | Bought a potion of agility for 40 gold pieces
 43484 | Orc:2    | Bought a potion of heal wounds for 50 gold pieces
 43489 | Orc:2    | Bought 2 potions of heal wounds for 150 gold pieces
 43498 | Orc:2    | Bought the ring of Joy {+Fly MP+9 Slay+3} for 728 gold
                  | pieces
 43685 | Snake:1  | Entered Level 1 of the Snake Pit
 43828 | Snake:1  | Reached XP level 14. HP: 82/95 MP: 28/28
 44140 | Snake:1  | Got a vibrating tin ring
 44142 | Snake:1  | Identified the ring of Zeisucuo {MR+ Int+5 Stlth+} (You
                  | found it on level 1 of the Snake Pit)
 44143 | Snake:1  | Received a gift from Kikubaaqudgha
 45095 | Snake:2  | Reached skill level 14 in Stealth
 45360 | Snake:2  | Reached skill level 10 in Shields
 45780 | Snake:2  | Reached skill level 15 in Hexes
 47207 | Snake:2  | Reached skill level 15 in Stealth
 47711 | Snake:3  | Noticed a nagaraja
 48227 | Snake:4  | Entered Level 4 of the Snake Pit
 48391 | Snake:2  | Gained mutation: You are frail. (-10% HP) [mutagenic glow]
 48568 | Snake:2  | Lost mutation: You are frail. (-10% HP) [potion of
                  | mutation]
 48568 | Snake:2  | Lost mutation: Armour fits poorly on your strangely shaped
                  | body. [potion of mutation]
 48568 | Snake:2  | Gained mutation: You have sharp toenails. [potion of
                  | mutation]
 48568 | Snake:2  | Gained mutation: You are somewhat resistant to further
                  | mutation. [potion of mutation]
 48911 | Orc:2    | Bought a potion of curing for 30 gold pieces
 48911 | Orc:2    | Bought a potion of haste for 100 gold pieces
 49260 | D:13     | Found a shimmering altar of Xom.
 49261 | D:13     | Found the +7 mace of Variability {chain chaos}
 50143 | Lair:4   | Reached skill level 16 in Stealth
 50204 | Lair:4   | Killed Josephine
 50204 | Lair:4   | Reached XP level 15. HP: 86/101 MP: 24/30
 50211 | Lair:4   | Killed Nessos
 51937 | Lair:5   | Found a staircase to the Slime Pits.
 51938 | Lair:5   | Found a viscous altar of Jiyva.
 52495 | Lair:6   | Entered Level 6 of the Lair of Beasts
 52569 | Lair:6   | Reached skill level 1 in Necromancy
 53806 | Lair:6   | Reached skill level 17 in Stealth
 55277 | Lair:6   | Identified the +4 chain mail of the Great Game {Int+4} (You
                  | found it on level 6 of the Lair of Beasts)
 55468 | Lair:5   | Learned a level 5 spell: Yara's Violent Unravelling
 55691 | Snake:3  | Killed a nagaraja
 56575 | Snake:3  | Found a runed translucent gate.
 56576 | Snake:3  | Found a runed translucent gate.
 56576 | Snake:3  | Found an opulent altar of Gozag.
 56577 | Snake:3  | Found a runed translucent gate.
 56578 | Snake:3  | Noticed Smee's ghost (adept MiFi)
 56580 | Snake:3  | Noticed a nagaraja
 56891 | Snake:3  | Reached XP level 16. HP: 63/108 MP: 22/32
 56906 | Snake:3  | Reached skill level 18 in Stealth
 57191 | Snake:3  | Reached skill level 5 in Necromancy
 60609 | Snake:4  | Reached skill level 5 in Fighting
 62586 | Snake:4  | Noticed Vashnia
 63315 | Snake:4  | Killed Vashnia
 63324 | Snake:4  | Reached XP level 17. HP: 100/115 MP: 33/33
 63938 | Snake:4  | Reached skill level 19 in Stealth
 64070 | Snake:4  | Reached skill level 10 in Short Blades
 64256 | Snake:4  | Killed from afar by a nagaraja

Skill      XL: |  1  2  3  4  5  6  7  8  9 10 11 12 13 14 15 16 17 |
---------------+----------------------------------------------------+-----
Conjurations   | 3 4 5 6 7 |  7.1
Spellcasting   | 3 4 5 7 8 10 11 12 | 12.6
Shields        | 1 2 4 5 7 8 9 10 11 | 11.9
Dodging        | 3 4 5 6 7 8 |  8.7
Stealth        | 4 6 7 8 10 13 16 17 18 19 | 19.0
Short Blades   | 1 3 5 6 8 9 10 | 10.0
Fighting       | 2 3 4 5 |  5.2
Evocations     | 1 2 |  2.7
Hexes          | 2 6 9 11 13 14 15 16 | 16.8
Transmutations | 2 |  2.0
Translocations | 1 |  1.3
Armour         | 1 2 3 4 |  4.2
Necromancy     | 4 7 |  7.4

Action                   |  1- 3 |  4- 6 |  7- 9 | 10-12 | 13-15 | 16-18 || total
-------------------------+-------+-------+-------+-------+-------+-------++-------
Melee: Dagger            |    30 |    49 |    14 |   130 |   932 |   349 ||  1504
       Unarmed           |    29 |       |     2 |    12 |       |       ||    43
       Bite              |     2 |     6 |     1 |    23 |   124 |    59 ||   215
       Short sword       |       |       |     4 |    93 |       |       ||    97
       Kick              |       |       |       |       |    33 |       ||    33
 Cast: Magic Dart        |   126 |   244 |   238 |   136 |       |       ||   744
       Searing Ray       |       |     6 |    99 |    69 |     6 |       ||   180
       Apportation       |       |       |    14 |     5 |       |       ||    19
       Sticks to Snakes  |       |       |     8 |     1 |       |       ||     9
       Fulminant Prism   |       |       |     3 |   157 |    42 |    48 ||   250
       Dazzling Spray    |       |       |       |    13 |    11 |    38 ||    62
       Invisibility      |       |       |       |    25 |    64 |    16 ||   105
       Confusing Touch   |       |       |       |     1 |    62 |    46 ||   109
       Regeneration      |       |       |       |       |       |     1 ||     1
Invok: Receive Necronomi |       |       |       |       |     1 |       ||     1
 Abil: End Transformatio |     2 |     8 |    43 |    37 |     3 |     1 ||    94
       Bat Form          |     2 |     8 |    43 |    37 |     3 |     1 ||    94
       Evoke Flight      |       |       |       |     1 |     2 |       ||     3
Evoke: Wand              |       |       |    10 |    31 |     2 |       ||    43
       Sack of spiders   |       |       |       |     9 |       |       ||     9
  Use: Potion            |     5 |    12 |    19 |    12 |    31 |    25 ||   104
       Scroll            |       |    15 |    13 |    11 |    13 |     3 ||    55
 Stab: Paralysed         |       |       |     3 |       |       |       ||     3
       Sleeping          |       |       |     1 |    22 |    91 |     9 ||   123
       Invisible         |       |       |       |    34 |   137 |    28 ||   199
       Confused          |       |       |       |       |    51 |    41 ||    92
       Distracted        |       |       |       |       |     2 |     3 ||     5
  Eat: Corpse            |       |     3 |     8 |    52 |    40 |     2 ||   105
Armor: Robe              |     6 |    21 |    20 |    23 |    21 |       ||    91
       Troll leather arm |       |       |       |       |    34 |       ||    34
       Swamp dragon scal |       |       |       |       |    17 |    56 ||    73
Dodge: Dodged            |    66 |   114 |   162 |   279 |   414 |    95 ||  1130
Block: Buckler           |       |    12 |    30 |    58 |       |       ||   100
       Shield            |       |       |       |    18 |   457 |   185 ||   660
